Map: Acropolis LE

Players

Spazymazy

  • Race: Zerg Zerg
  • Spawn Location: 11:00

IndyKNerazim - Winner!

  • Race: Protoss Protoss
  • Spawn Location: 5:00

Event: 2019 WCS Summer

VOD

Have the link to the VOD?

Description

Time

  • Played on: July 12, 2019, 9:55 a.m.
  • Length: 13:29

All games in this series

Show
View Real Time Build Order
Export as new Build Order

Spazymazy Zerg 

Build Orders: Hatch First 

Get SALT Encoding   

  12  0:01  Drone  
  13  0:12  Overlord  
  13  0:17  Drone  
  14  0:30  Drone x2  
  16  0:48  Hatchery  
  15  0:51  Drone  
  15  0:54  Drone  
  17  0:58  Drone  
  18  1:08  Extractor  
  17  1:13  Spawning Pool  
  17  1:15  Drone  
  17  1:20  Drone  
  18  1:27  Drone  
  19  1:38  Overlord  
  19  1:50  Drone  
  20  2:00  Queen  
  20  2:01  Zergling x4, Queen  
  26  2:09  Metabolic Boost  
  26  2:12  Drone  
  27  2:21  Drone  
  28  2:30  Hatchery  
  28  2:34  Drone  
  28  2:36  Drone  
  29  2:42  Queen  
  31  2:47  Overlord  
  31  2:52  Drone  
  31  2:54  Drone  
  31  2:56  Drone  
  31  2:58  Drone  
  35  3:04  Drone, Overlord  
  36  3:09  Drone x2  
  36  3:10  Drone  
  39  3:18  Queen  
  41  3:23  Drone x3  
  44  3:29  Overlord  
  44  3:30  Drone  
  45  3:39  Zergling x4  
  47  3:42  Drone, Queen  
  47  3:47  Spore Crawler x2  
  47  3:48  Drone  
  49  3:50  Drone  
  49  3:52  Drone  
  49  3:54  Extractor  
  50  3:56  Drone x3  
  50  4:01  Spore Crawler  
  52  4:04  Lair  
  52  4:05  Drone  
  53  4:14  Overlord  
  53  4:16  Drone x3  
  56  4:18  Drone x2  
  58  4:30  Overlord  
  58  4:32  Roach Warren  
  58  4:33  Drone  
  58  4:34  Drone x4  
  61  4:39  Overlord  
  61  4:40  Drone  
  61  4:44  Overlord  
  62  4:46  Drone x2  
  62  4:51  Drone x2  
  62  4:52  Overlord  
  65  4:54  Extractor  
  65  4:56  Extractor  
  63  5:03  Drone  
  63  5:04  Hydralisk Den, Drone x2  
  64  5:09  Drone x3  
  64  5:13  Roach x4  
  75  5:18  Queen  
  77  5:21  Queen  
  77  5:25  Zergling x4, Roach x2  
  83  5:33  Hydralisk Den  
  83  5:34  Overseer  
  82  5:37  Grooved Spines  
  82  5:41  Drone x3, Extractor  
  82  5:42  Overlord x2  
  77  6:05  Drone  
  77  6:08  Hydralisk  
  77  6:09  Hydralisk x6  
  92  6:12  Queen  
  92  6:13  Queen  
  92  6:18  Overseer  
  96  6:21  Zergling x6, Queen  
  101  6:34  Hydralisk x2, Nydus Network  
  101  6:36  Overlord x3  
  101  6:39  Overlord  
  104  6:40  Overlord  
  104  6:42  Overlord  
  104  6:43  Overlord  
  104  6:55  Hydralisk x4  
  104  6:56  Hydralisk x2  
  104  7:01  Queen  
  118  7:02  Hydralisk  
  118  7:04  Overseer  
  120  7:20  Nydus Canal  
  120  7:21  Hydralisk x3  
  120  7:22  Hydralisk  
  128  7:26  Overlord  
  128  7:27  Hydralisk  
  130  7:31  Hydralisk  
  130  7:34  Nydus Canal  
  132  7:39  Hydralisk  
  132  7:42  Drone x4  
  134  7:44  Drone x3  
  134  7:46  Extractor  
  134  7:47  Drone x2  
  134  7:48  Drone x2  
  140  7:54  Hydralisk x2  
  140  7:56  Hatchery  
  141  8:06  Spire  
  141  8:09  Muscular Augments  
  141  8:11  Drone x2  
  142  8:19  Hydralisk  
  139  8:20  Hydralisk  
  143  8:30  Hydralisk x3  
  143  8:31  Overlord x3  
  147  8:35  Extractor x2  
  147  8:37  Drone x3  
  147  8:38  Drone x3  
  151  8:53  Drone x4  
  127  9:19  Mutalisk x6  
  127  9:20  Mutalisk x2  
  143  9:25  Queen  
  143  9:26  Zergling x4, Baneling Nest  
  143  9:27  Zergling x10  
  150  9:40  Hydralisk x5  
  150  9:44  Hydralisk x2  
  160  9:51  Overlord x2  
  158  10:00  Hydralisk x3, Evolution Chamber  
  158  10:01  Hydralisk x3  
  158  10:02  Zergling x6  
  158  10:03  Overlord  
  172  10:14  Centrifical Hooks  
  172  10:20  Hydralisk x3  
  172  10:21  Zergling x2  
  179  10:30  Zerg Missile Weapons Level 1  
  179  10:31  Infestation Pit  
  179  10:32  Drone x3  
  181  10:42  Nydus Canal  
  181  10:46  Hydralisk x2  
  181  10:47  Hydralisk  
  187  10:50  Hydralisk x2  
  187  10:51  Hatchery, Overlord  
  187  10:52  Hydralisk x2  
  187  10:53  Hydralisk  
  189  11:15  Hydralisk x2  
  189  11:16  Hydralisk x2  
  189  11:17  Hydralisk x2  
  177  11:31  Hydralisk x3  
  177  11:32  Hydralisk x2  
  167  11:39  Hydralisk x2  
  155  11:40  Hydralisk x2  
  155  11:44  Hydralisk x4  
  155  11:45  Hydralisk x2  
  145  11:51  Hive  
  145  11:53  Hydralisk x5  
  145  11:54  Hydralisk x4  
  132  12:01  Hydralisk x3  
  149  12:10  Hydralisk x3, Drone x2  
  149  12:15  Zergling x4  
  159  12:19  Queen  
  159  12:20  Hydralisk x2  
  159  12:21  Zergling x6  
  159  12:22  Zergling x2  
  169  12:31  Zergling x2  
  169  12:32  Zergling x14  
  175  12:37  Baneling  
  175  12:38  Baneling x3  
  175  12:39  Nydus Canal  
  175  12:45  Hydralisk  
  175  12:46  Hydralisk, Zergling x4  
  175  12:47  Zergling x4  
  181  12:59  Hydralisk  
  181  13:00  Hydralisk x3  
  181  13:02  Hatchery  
  183  13:11  Zergling x4  
Show
View Real Time Build Order
Export as new Build Order

IndyKNerazim Protoss - Winner!

Build Orders: 1 Gate Expand, Oracle Opening, Phoenix Opening, Archon Immortal, Archon Drop 

Get SALT Encoding   

  12  0:00  Probe  
  13  0:13  Probe  
  14  0:21  Pylon  
  14  0:24  Probe  
  15  0:35  Probe  
  15  0:41  Gateway  
  16  0:43  Probe  
  17  0:50  Assimilator  
  17  0:56  Probe  
  18  1:08  Probe  
  19  1:20  Probe  
  20  1:27  Nexus  
  20  1:36  Cybernetics Core  
  20  1:37  Probe  
  21  1:43  Assimilator  
  21  1:49  Probe  
  21  1:52  Pylon  
  22  1:58  Probe  
  22  2:03  Adept  
  22  2:06  Probe  
  26  2:16  Probe  
  27  2:23  Stargate  
  27  2:28  Probe  
  28  2:32  Adept  
  28  2:35  Probe  
  30  2:40  Probe, Warp Gate  
  30  2:43  Probe  
  32  2:47  Pylon  
  33  2:52  Probe  
  33  2:53  Probe  
  35  3:00  Phoenix  
  35  3:04  Probe  
  36  3:05  Probe  
  39  3:15  Assimilator  
  39  3:16  Probe  
  39  3:18  Probe  
  39  3:19  Pylon  
  41  3:22  Assimilator  
  41  3:26  Oracle  
  41  3:28  Probe  
  41  3:30  Probe  
  41  3:34  Gateway  
  46  3:43  Probe  
  46  3:44  Probe  
  46  3:47  Robotics Facility  
  48  3:52  Probe  
  48  3:54  Twilight Council  
  49  3:55  Probe  
  49  4:00  Probe  
  50  4:04  Pylon  
  50  4:07  Probe  
  52  4:10  Probe  
  53  4:19  Probe  
  53  4:22  Probe  
  55  4:25  Warp Prism  
  55  4:28  Gateway  
  55  4:31  Gateway  
  55  4:32  Probe  
  55  4:33  Templar Archives  
  55  4:34  Probe  
  59  4:48  Charge, Pylon  
  59  5:00  Nexus  
  59  5:04  Zealot x2  
  62  5:10  Probe  
  63  5:18  Probe  
  63  5:19  Observer  
  65  5:23  Probe  
  65  5:25  Forge, High Templar  
  65  5:27  High Templar x3  
  65  5:28  Probe  
  72  5:31  Probe, Archon x2  
  74  5:36  Probe  
  74  5:39  Probe  
  75  5:44  Gateway  
  75  5:45  Probe  
  75  5:47  Gateway  
  77  5:59  Immortal  
  77  6:05  Probe  
  77  6:07  Shield Battery  
  77  6:09  Robotics Facility  
  77  6:10  Probe  
  78  6:11  Probe  
  78  6:15  Assimilator  
  78  6:17  Assimilator  
  78  6:18  Probe  
  85  6:19  Probe  
  85  6:22  Sentry  
  85  6:23  Sentry, Probe  
  85  6:24  Observer  
  91  6:28  Protoss Ground Weapons Level 1  
  91  6:30  Probe x2  
  93  6:34  Pylon  
  93  6:42  Pylon  
  93  6:43  Pylon  
  93  6:48  Immortal  
  93  6:50  Psionic Storm  
  93  6:52  Probe x3, Immortal  
  100  6:54  Pylon  
  100  6:58  Photon Cannon  
  100  6:59  Photon Cannon  
  100  7:05  Pylon  
  100  7:07  Pylon  
  104  7:10  High Templar x2  
  104  7:15  Photon Cannon x2  
  108  7:21  Immortal  
  108  7:22  Zealot, Immortal  
  108  7:23  Zealot x2  
  122  7:42  Zealot  
  124  7:46  Zealot x4  
  124  7:50  Immortal  
  132  8:01  High Templar  
  138  8:05  Pylon  
  138  8:06  High Templar  
  138  8:10  Pylon  
  140  8:14  Immortal  
  140  8:23  Probe  
  140  8:27  Photon Cannon  
  141  8:29  Pylon  
  141  8:30  High Templar x4  
  147  8:37  Nexus, Pylon  
  147  8:38  Pylon  
  147  8:40  Photon Cannon  
  145  8:42  Photon Cannon  
  145  8:43  Photon Cannon  
  145  8:46  Immortal  
  145  8:47  Observer, Probe  
  149  9:01  Immortal  
  129  9:17  High Templar x2  
  129  9:18  Zealot x4  
  129  9:19  Immortal  
  141  9:24  Archon  
  141  9:27  Probe x2  
  147  9:34  Immortal  
  147  9:45  Phoenix  
  147  9:47  Probe, Assimilator  
  147  9:49  High Templar x2  
  147  9:51  Assimilator  
  148  9:54  Shield Battery  
  148  9:55  Probe  
  148  9:57  Photon Cannon, Probe, Shield Battery  
  148  9:58  Photon Cannon  
  156  10:03  Probe x2  
  156  10:05  Stalker x2, Phoenix  
  162  10:11  Shield Battery  
  162  10:15  Stalker  
  162  10:17  Stalker  
  159  10:21  Probe  
  159  10:22  Phoenix  
  159  10:24  Stargate  
  159  10:25  Probe  
  159  10:32  Probe x2  
  163  10:37  Zealot  
  163  10:40  Stalker x2  
  163  10:41  Zealot  
  171  10:44  Probe x2  
  171  10:46  Immortal x2  
  171  10:47  Phoenix  
  181  10:53  Zealot  
  175  11:09  Probe x2  
  175  11:12  Zealot x2, Phoenix  
  172  11:22  Probe  
  172  11:25  Immortal x2, Pylon  
  176  11:26  Twilight Council  
  165  11:38  Zealot x4  
  154  11:52  Probe  
  153  11:57  Gateway  
  153  11:58  Gateway  
  153  11:59  Probe  
  153  12:00  Gateway  
  154  12:04  Immortal  
  154  12:05  Immortal  
  154  12:07  Probe x2  
  164  12:14  High Templar x2  
  164  12:15  High Templar x2  
  172  12:16  Nexus  
  172  12:31  Gateway  
  172  12:32  Observer, Pylon  
  172  12:44  Immortal  
  176  12:47  Zealot x4  
  180  13:02  Probe  
  173  13:12  Zealot x7  
  183  13:17  Archon  
  183  13:18  Archon  
Tags
 
Add a new tag
Caveats
  • Supply blocks, unpowered buildings, or Contaminate may cause inaccurate times.
  • Supply counts are checked every 10 seconds.